BSA
PLYMOUTH ROCKS @ SAN FRANCISCO BANDITS
08/01/2028
 
TOP OF THE 1ST
Plymouth Rocks batting - Pitching for San Francisco Bandits : RHP Fernando Llama
Pitching: RHP Fernando Llama
Batting: LHB Roberto García 0-0: Called Strike
0-1: Ball
1-1: Called Strike
1-2: Ball
2-2: Foul Ball, location: 2F
2-2: Foul Ball, location: 2F
2-2: Reached on error, E6 (Groundball, 6MS)
Batting: LHB Roy Patrick 0-0: Ball
1-0: Called Strike
1-1: Fly out, F8 (Flyball, 89M)
Batting: RHB Andrés Lara 0-0: SINGLE (Line Drive, 8LS)
Roberto García to second
Batting: LHB Bob Smith 0-0: Ball
1-0: Ball
2-0: Ground out 5-3 (Groundball, 56S)
Roberto García to third
Andrés Lara to second
Batting: LHB Barrett Waters 0-0: Ground out U3 (Groundball, 3)
Top of the 1st over - 0 run(s), 1 hit(s), 1 error(s), 2 left on base; Plymouth 0 - San Francisco 0
BOTTOM OF THE 1ST
San Francisco Bandits batting - Pitching for Plymouth Rocks : RHP Lorenzo Aguilar
Pitching: RHP Lorenzo Aguilar
Batting: RHB Raúl Bruno 0-0: Called Strike
0-1: Foul Ball, location: 2F
0-2: Ball
1-2: Foul Ball, location: 2F
1-2: Ball
2-2: Fly out, F9 (Flyball, 89M)
Batting: LHB Alberto Gómez 0-0: Called Strike
0-1: Called Strike
0-2: Ground out 4-3 (Groundball, 4)
Batting: RHB Owen Carter 0-0: Called Strike
0-1: Foul Ball, location: 2F
0-2: Fly out, F4 (Flyball, 34D)
Bottom of the 1st over - 0 run(s), 0 hit(s), 0 error(s), 0 left on base; Plymouth 0 - San Francisco 0
TOP OF THE 2ND
Plymouth Rocks batting - Pitching for San Francisco Bandits : RHP Fernando Llama
Batting: RHB António Gonzáles 0-0: Called Strike
0-1: Ball
1-1: Called Strike
1-2: Foul Ball, location: 2F
1-2: Foul Ball, location: 2F
1-2: Foul Ball, location: 2F
1-2: Foul Ball, location: 2F
1-2: Ground out 1-3 (Groundball, 13)
Batting: RHB Wilbert Rodgers 0-0: Ball
1-0: Ball
2-0: Called Strike
2-1: Foul Ball, location: 2F
2-2: Ground out 6-3 (Groundball, 6)
Batting: SHB Víctor Serrano 0-0: Ball
1-0: Ball
2-0: Called Strike
2-1: DOUBLE (Line Drive, 78D)
Batting: RHB Taylor McFarland 0-0: Called Strike
0-1: Swinging Strike
0-2: Ground out 6-3 (Groundball, 6)
Top of the 2nd over - 0 run(s), 1 hit(s), 0 error(s), 1 left on base; Plymouth 0 - San Francisco 0
BOTTOM OF THE 2ND
San Francisco Bandits batting - Pitching for Plymouth Rocks : RHP Lorenzo Aguilar
Batting: RHB Michael Elliott 0-0: Called Strike
0-1: Fly out, F9 (Flyball, 89M)
Batting: RHB Gustavo Ortíz 0-0: Ball
1-0: Called Strike
1-1: Swinging Strike
1-2: Foul Ball, location: 2F
1-2: Strikes out swinging
Batting: RHB Juan Mendoza 0-0: Called Strike
0-1: Ball
1-1: Ball
2-1: Foul Ball, location: 2F
2-2: Strikes out swinging
Bottom of the 2nd over - 0 run(s), 0 hit(s), 0 error(s), 0 left on base; Plymouth 0 - San Francisco 0
TOP OF THE 3RD
Plymouth Rocks batting - Pitching for San Francisco Bandits : RHP Fernando Llama
Batting: LHB Roberto García 0-0: Called Strike
0-1: Foul Ball, location: 2F
0-2: Foul Ball, location: 2F
0-2: Ball
1-2: Ball
2-2: SINGLE (Groundball, 34D)
Batting: LHB Roy Patrick 0-0: Ball
1-0: Foul Ball, location: 2F
1-1: Called Strike
1-2: Ball
2-2: Fly out, F8 (Flyball, 89M)
Batting: RHB Andrés Lara 0-0: Called Strike
0-1: Grounds into double play, 4-6-3 (Groundball, 4)
Top of the 3rd over - 0 run(s), 1 hit(s), 0 error(s), 0 left on base; Plymouth 0 - San Francisco 0
BOTTOM OF THE 3RD
San Francisco Bandits batting - Pitching for Plymouth Rocks : RHP Lorenzo Aguilar
Batting: RHB Cory Foster 0-0: Called Strike
0-1: Swinging Strike
0-2: Ball
1-2: Foul Ball, location: 2F
1-2: Strikes out swinging
Batting: RHB Ramón Ruíz 0-0: Ball
1-0: Ball
2-0: Ball
3-0: Base on Balls
Batting: RHB Glenn Melican 0-0: Ball
1-0: Foul Ball, location: 2F
1-1: Ball
2-1: Foul Ball, location: 2F
2-2: Fly out, F8 (Flyball, 89D)
Batting: RHB Raúl Bruno 0-0: Foul Ball, location: 2F
0-1: Swinging Strike
0-2: Ball
1-2: Ball
2-2: SINGLE (Groundball, 6MD)
Ramón Ruíz to second
Batting: LHB Alberto Gómez 0-0: Ball
1-0: Swinging Strike
1-1: Foul Ball, location: 2F
1-2: Ground out 1-3 (Groundball, 13)
Bottom of the 3rd over - 0 run(s), 1 hit(s), 0 error(s), 2 left on base; Plymouth 0 - San Francisco 0
TOP OF THE 4TH
Plymouth Rocks batting - Pitching for San Francisco Bandits : RHP Fernando Llama
Batting: LHB Bob Smith 0-0: SINGLE (Line Drive, 6M)
Batting: LHB Barrett Waters 0-0: Ball
1-0: TRIPLE (Flyball, 8LXD)
Bob Smith scores
Batting: RHB António Gonzáles 0-0: Foul Ball, location: 2F
0-1: Swinging Strike
0-2: Ball
1-2: Foul Ball, location: 2F
1-2: Foul Ball, location: 2F
1-2: Ball
2-2: Strikes out swinging
Batting: RHB Wilbert Rodgers 0-0: Called Strike
0-1: Fly out, F9 (Flyball, 9LSF)
Runner from 3rd tags up, SCORES, no throw
Batting: SHB Víctor Serrano 0-0: Ball
1-0: Foul Ball, location: 2F
1-1: Foul Ball, location: 2F
1-2: Strikes out swinging
Top of the 4th over - 2 run(s), 2 hit(s), 0 error(s), 0 left on base; Plymouth 2 - San Francisco 0
BOTTOM OF THE 4TH
San Francisco Bandits batting - Pitching for Plymouth Rocks : RHP Lorenzo Aguilar
Batting: RHB Owen Carter 0-0: Foul Ball, location: 2F
0-1: Ground out 6-3 (Groundball, 6)
Batting: RHB Michael Elliott 0-0: Called Strike
0-1: Ground out 5-3 (Groundball, 56S)
Batting: RHB Gustavo Ortíz 0-0: Ball
1-0: Called Strike
1-1: DOUBLE (Groundball, 5L)
Batting: RHB Juan Mendoza 0-0: Foul Ball, location: 2F
0-1: Foul Ball, location: 2F
0-2: Ball
1-2: Ball
2-2: Fly out, F7 (Flyball, 7)
Bottom of the 4th over - 0 run(s), 1 hit(s), 0 error(s), 1 left on base; Plymouth 2 - San Francisco 0
TOP OF THE 5TH
Plymouth Rocks batting - Pitching for San Francisco Bandits : RHP Fernando Llama
Batting: RHB Taylor McFarland 0-0: Ball
1-0: Ground out 4-3 (Groundball, 4)
Batting: LHB Roberto García 0-0: Ball
1-0: Ball
2-0: Ball
3-0: Base on Balls
Batting: LHB Roy Patrick 0-0: Ball
1-0: Ball
2-0: Foul Ball, location: 2F
2-1: Ball
3-1: DOUBLE (Flyball, 78XD)
Roberto García to third
Runner from 3rd tries for Home, SAFE, throw made home
Batting: RHB Andrés Lara 0-0: Ball
1-0: Ball
2-0: Swinging Strike
2-1: Foul Ball, location: 2F
2-2: Ground out 3-1 (Groundball, 34)
Roy Patrick to third
Batting: LHB Bob Smith 0-0: Ground out U3 (Groundball, 3)
Top of the 5th over - 1 run(s), 1 hit(s), 0 error(s), 1 left on base; Plymouth 3 - San Francisco 0
BOTTOM OF THE 5TH
San Francisco Bandits batting - Pitching for Plymouth Rocks : RHP Lorenzo Aguilar
Batting: RHB Cory Foster 0-0: DOUBLE (Line Drive, 78XD)
Batting: RHB Ramón Ruíz 0-0: Ball
1-0: Ball
2-0: Foul Ball, location: 2F
2-1: Foul Ball, location: 2F
2-2: Ball
3-2: Ground out 6-3 (Groundball, 6D)
Batting: RHB Glenn Melican 0-0: Ball
1-0: Called Strike
1-1: Foul Ball, location: 2F
1-2: Strikes out swinging
Batting: RHB Raúl Bruno 0-0: Ball
1-0: Swinging Strike
1-1: Swinging Strike
1-2: Ball
2-2: Ball
3-2: Ground out 6-3 (Groundball, 6MS)
Bottom of the 5th over - 0 run(s), 1 hit(s), 0 error(s), 1 left on base; Plymouth 3 - San Francisco 0
TOP OF THE 6TH
Plymouth Rocks batting - Pitching for San Francisco Bandits : RHP Fernando Llama
Batting: LHB Barrett Waters 0-0: Fly out, F7 (Flyball, 7S)
Batting: RHB António Gonzáles 0-0: Foul Ball, location: 2F
0-1: Ball
1-1: Called Strike
1-2: Strikes out swinging
Batting: RHB Wilbert Rodgers 0-0: SOLO HOME RUN (Flyball, 78XD), Distance : 382 ft
Batting: SHB Víctor Serrano 0-0: Ball
1-0: Ball
2-0: DOUBLE (Line Drive, 89XD)
Batting: RHB Taylor McFarland 0-0: Called Strike
0-1: Ball
1-1: Swinging Strike
1-2: Ground out 6-3 (Groundball, 6D)
Top of the 6th over - 1 run(s), 2 hit(s), 0 error(s), 1 left on base; Plymouth 4 - San Francisco 0
BOTTOM OF THE 6TH
San Francisco Bandits batting - Pitching for Plymouth Rocks : RHP Lorenzo Aguilar
Batting: LHB Alberto Gómez 0-0: Foul Ball, location: 2F
0-1: Foul Ball, location: 2F
0-2: Strikes out swinging
Batting: RHB Owen Carter 0-0: Called Strike
0-1: Foul Ball, location: 2F
0-2: Ball
1-2: Strikes out swinging
Batting: RHB Michael Elliott 0-0: Ball
1-0: Ball
2-0: Fly out, F7 (Flyball, 78S)
Bottom of the 6th over - 0 run(s), 0 hit(s), 0 error(s), 0 left on base; Plymouth 4 - San Francisco 0
TOP OF THE 7TH
Plymouth Rocks batting - Pitching for San Francisco Bandits : RHP Fernando Llama
Pitching: RHP Felipe Reyes
Batting: LHB Roberto García 0-0: Called Strike
0-1: Swinging Strike
0-2: Ball
1-2: Strikes out swinging
Batting: LHB Roy Patrick 0-0: Ball
1-0: Ball
2-0: Foul Ball, location: 2F
2-1: Fly out, F7 (Flyball, 7LMF)
Batting: RHB Andrés Lara 0-0: Foul Ball, location: 2F
0-1: Swinging Strike
0-2: Ball
1-2: Ball
2-2: Foul Ball, location: 2F
2-2: DOUBLE (Flyball, 78D)
Batting: LHB Bob Smith 0-0: Called Strike
0-1: Ball
1-1: Swinging Strike
1-2: Strikes out swinging
Top of the 7th over - 0 run(s), 1 hit(s), 0 error(s), 1 left on base; Plymouth 4 - San Francisco 0
BOTTOM OF THE 7TH
San Francisco Bandits batting - Pitching for Plymouth Rocks : RHP Lorenzo Aguilar
Batting: RHB Gustavo Ortíz 0-0: Called Strike
0-1: Foul Ball, location: 2F
0-2: Strikes out looking
Batting: RHB Juan Mendoza 0-0: Ball
1-0: Fly out, F8 (Flyball, 8RXD)
Batting: RHB Cory Foster 0-0: Ball
1-0: Swinging Strike
1-1: Ground out 5-3 (Groundball, 56S)
Bottom of the 7th over - 0 run(s), 0 hit(s), 0 error(s), 0 left on base; Plymouth 4 - San Francisco 0
TOP OF THE 8TH
Plymouth Rocks batting - Pitching for San Francisco Bandits : RHP Felipe Reyes
Batting: LHB Barrett Waters 0-0: Ball
1-0: Ball
2-0: Called Strike
2-1: Swinging Strike
2-2: Strikes out swinging, 2-3 out at first.
Batting: RHB António Gonzáles 0-0: Ball
1-0: Ball
2-0: Ball
3-0: Called Strike
3-1: Foul Ball, location: 2F
3-2: Strikes out looking
Batting: RHB Wilbert Rodgers 0-0: Ball
1-0: Called Strike
1-1: Called Strike
1-2: Strikes out swinging
Top of the 8th over - 0 run(s), 0 hit(s), 0 error(s), 0 left on base; Plymouth 4 - San Francisco 0
BOTTOM OF THE 8TH
San Francisco Bandits batting - Pitching for Plymouth Rocks : RHP Lorenzo Aguilar
Batting: RHB Ramón Ruíz 0-0: Ball
1-0: Swinging Strike
1-1: Ball
2-1: Swinging Strike
2-2: Ball
3-2: Foul Ball, location: 2F
3-2: Strikes out swinging
Batting: RHB Glenn Melican 0-0: Ball
1-0: Ball
2-0: Ground out 6-3 (Groundball, 6)
Batting: RHB Raúl Bruno 0-0: Fly out, F8 (Flyball, 8RD)
Bottom of the 8th over - 0 run(s), 0 hit(s), 0 error(s), 0 left on base; Plymouth 4 - San Francisco 0
TOP OF THE 9TH
Plymouth Rocks batting - Pitching for San Francisco Bandits : RHP Felipe Reyes
Batting: SHB Víctor Serrano 0-0: Swinging Strike
0-1: Ball
1-1: Called Strike
1-2: Foul Ball, location: 2F
1-2: Strikes out swinging
Batting: RHB Taylor McFarland 0-0: Ball
1-0: Ball
2-0: Ball
3-0: Called Strike
3-1: Swinging Strike
3-2: Strikes out swinging
Batting: LHB Roberto García 0-0: Called Strike
0-1: Ball
1-1: Foul Ball, location: 2F
1-2: Ball
2-2: Foul Ball, location: 2F
2-2: Ball
3-2: Base on Balls
Pitching: RHP Alfonso Martínez
Batting: LHB Roy Patrick 0-0: Ball
1-0: Called Strike
1-1: Ball
2-1: Fielders Choice at 2nd, 6-4 (Groundball, 6)
Top of the 9th over - 0 run(s), 0 hit(s), 0 error(s), 0 left on base; Plymouth 4 - San Francisco 0
BOTTOM OF THE 9TH
San Francisco Bandits batting - Pitching for Plymouth Rocks : RHP Lorenzo Aguilar
Batting: LHB Alberto Gómez 0-0: Swinging Strike
0-1: Ground out 1-3 (Groundball, 15S)
Batting: RHB Owen Carter 0-0: Ball
1-0: Called Strike
1-1: Foul Ball, location: 2F
1-2: Ball
2-2: Foul Ball, location: 2F
2-2: Ball
3-2: SINGLE (Groundball, 6MD)
Batting: RHB Michael Elliott 0-0: Ball
1-0: Foul Ball, location: 2F
1-1: Called Strike
1-2: Ball
2-2: Strikes out looking
Pitching: RHP Pablo Cabral
Batting: RHB Gustavo Ortíz 0-0: Called Strike
0-1: Fly out, F4 (Popup, 34D)
Bottom of the 9th over - 0 run(s), 1 hit(s), 0 error(s), 1 left on base; Plymouth 4 - San Francisco 0
Tuesday, August 8th, 2017 - OOTP Baseball 17.12 Build 75